 Dungeon Crawl Stone Soup version 0.15.2 (webtiles) character file.

352629 vonhedlund the Eclecticist (level 21, -5/116 (117) HPs)
             Began as a High Elf Conjurer on Dec 11, 2014.
             Was the Champion of Vehumet.
             Hit by a large rock thrown by a stone giant (47 damage)
             ... on Level 3 of the Vaults on May 28, 2015.
             The game lasted 18:18:17 (62113 turns).

vonhedlund the Eclecticist (High Elf Conjurer)     Turns: 62113, Time: 18:18:32

HP  -5/116 (117) AC 19     Str  8      XL: 21   Next: 32%
MP  31/45        EV 26     Int 27      God: Vehumet [******]
Gold 3368        SH  5     Dex 20      Spells: 13 memorised, 14 levels left

rFire  + . .     SeeInvis +     b - staff of conjuration
rCold  + + +     Clarity  .     M - +4 skin of Zhor {rC+++}
rNeg   . . .     rCorr    .     Q - +0 buckler {rC+ rF+}
rPois  +         rRot     .     C - +2 helmet {SInv}
rElec  .         Spirit   .     L - +1 cloak of Lugonu's Hope {rC++ Int+1}
SustAb .         Warding  .     g - +2 pair of gloves
rMut   +         Stasis   .     G - +2 pair of boots
Gourm  .                        D - amulet of resist mutation
MR     ++...                    P - +2 ring of protection
                                N - ring of poison resistance

@: delayed fireball, very resistant to hostile enchantments, very stealthy
A: no striking features
a: Renounce Religion, Release Delayed Fireball
}: 2/15 runes: serpentine, barnacled


You were on level 3 of the Vaults.
You worshipped Vehumet.
Vehumet was exalted by your worship.
You were not hungry.

You visited 9 branches of the dungeon, and saw 45 of its levels.
You visited 1 bazaar.
You also visited: Labyrinth and Ice Cave.

You collected 4937 gold pieces.
You spent 1569 gold pieces at shops.

Inventory:

Armour
 g - a +2 pair of gloves (worn)
 C - a +2 helmet of see invisible (worn)
 G - a +2 pair of boots (worn)
 L - the +1 cloak of Lugonu's Hope (worn) {rC++ Int+1}
   (You found it on level 5 of the Snake Pit)

   It affects your intelligence (+1).
   It greatly protects you from cold.
 M - the +4 skin of Zhor (worn) {rC+++}
   (You found it on level 5 of the Shoals)

   It renders you almost immune to cold.
 Q - a +0 buckler of resistance (worn)
Magical devices
 e - a wand of enslavement (9)
 h - a wand of fire (7)
 y - a wand of teleportation (5)
 z - a wand of paralysis (13)
 O - a wand of digging (12)
 U - a wand of disintegration (11)
 V - a wand of fireball (1)
 X - a wand of enslavement (18)
 Y - a wand of lightning (2)
Comestibles
 o - 18 meat rations
 t - 21 bread rations
 H - 10 royal jellies
Scrolls
 d - 4 scrolls of enchant armour
 i - 2 scrolls of holy word
 k - 12 scrolls of remove curse
 m - 10 scrolls of identify
 s - 2 scrolls of magic mapping
 u - a scroll of fear
 A - a scroll of immolation
 E - 2 scrolls of summoning
 R - 4 scrolls of fog
 T - 3 scrolls of recharging
 W - a scroll of teleportation
Jewellery
 j - an uncursed ring of protection from fire
 p - an uncursed ring of positive energy
 D - an amulet of resist mutation (around neck)
 N - a ring of poison resistance (left hand)
 P - a +2 ring of protection (right hand)
Potions
 f - a potion of cancellation
 l - a potion of cure mutation
 n - a potion of haste
 q - 9 potions of brilliance
 r - 2 potions of heal wounds
 w - 2 potions of magic
 x - 6 potions of curing
 F - 3 potions of invisibility
 I - a potion of resistance
 J - 3 potions of flight
 Z - 5 potions of restore abilities
Books
 v - a book of Wizardry

   Spells                             Type                      Level
   Agony                              Necromancy                   5
   *Force Lance                       Conjuration                  5
   Dispersal                          Translocation                6
   Haste                              Charms                       6
   Invisibility                       Hexes                        6
   Spellforged Servitor               Conjuration/Summoning        7
 S - a book of Maledictions

   Spells                             Type                      Level
   Corona                             Hexes                        1
   Sure Blade                         Hexes/Charms                 2
   Ensorcelled Hibernation            Hexes/Ice                    2
   Confuse                            Hexes                        3
   Dazzling Spray                     Conjuration/Hexes            3
   Enslavement                        Hexes                        4
Magical staves
 a - an uncursed staff of energy
 b - an uncursed staff of conjuration (weapon)
 K - an uncursed staff of fire
Miscellaneous
 B - a phial of floods


   Skills:
 - Level 2.6 Fighting
   Level 2.3 Short Blades
   Level 0.7 Polearms
   Level 3.1 Bows
 - Level 1.3 Throwing
 - Level 15.6 Dodging
 - Level 14.3 Stealth
 - Level 1.2 Shields
 - Level 20.2 Spellcasting
 * Level 16.3 Conjurations
 - Level 7.1 Charms
 - Level 15.6 Fire Magic
 - Level 12.3 Ice Magic
 - Level 0.2 Air Magic
 - Level 10.0 Earth Magic
 - Level 7.1 Evocations


You had 14 spell levels left.
You knew the following spells:

 Your Spells              Type           Power        Failure   Level  Hunger
a - Magic Dart            Conj           ####         0%          1    None
b - Searing Ray           Conj           ######       0%          2    None
d - Iskenderun's Mystic   Conj           ########     1%          4    None
e - Throw Flame           Conj/Fire      ######       0%          2    None
f - Conjure Flame         Conj/Fire      ########     0%          3    None
g - Throw Icicle          Conj/Ice       ########     1%          4    None
h - Iskenderun's Battles  Conj/Chrm      #######.     1%          5    None
i - Bolt of Cold          Conj/Ice       ########..   1%          6    #......
j - Fireball              Conj/Fire      ########..   1%          5    None
k - Bolt of Magma         Conj/Fire/Erth ########..   1%          5    None
l - Delayed Fireball      Conj/Fire      N/A          1%          7    ####...
m - Repel Missiles        Chrm/Air       #####.       1%          2    None
n - Force Lance           Conj           ########     1%          5    None


Dungeon Overview and Level Annotations

Branches:
Dungeon (15/15) Temple (1/1) D:6 Orc (4/4) D:11 Elf (1/3) Orc:3 Lair (8/8) D:8 Shoals (5/5) Lair:5 Snake (5/5) Lair:3 Slime (0/6) Lair:8 Vaults (3/5) D:14 Crypt (0/3) Vaults:2 Vaults:3 Depths (3/5) D:15

Altars:
Ashenzari
Cheibriados
Dithmenos
Elyvilon
Fedhas
Kikubaaqudgha
Makhleb
Nemelex Xobeh
Okawaru
Qazlal
Sif Muna
Trog
Vehumet
Xom
Yredelemnul
Zin
The Shining One
Beogh
Jiyva

Shops:
D:14 }   Orc:4 [*[:[   Snake:1 %   Snake:5 *[=   Depths:1 [

Portals:
Hell: Depths:1 Depths:2
Trove: D:10 (give +5 demon blade)

Annotations:
D:4 Pikel
D:11 exclusion: 2 oklob plants
D:12 Rgib's ghost, powerful DsIE
Shoals:5 Ilsuiw
Depths:1 exclusion: downstairs


Message History

The runed dire flail partially resists.
The runed dire flail is severely damaged.
The stone giant throws a large rock.
The large rock hits you!!!
You block the runed dire flail's attack.
The stone giant throws a large rock.
The large rock completely misses you.
You see here a large rock.
The runed dire flail completely misses you.
The runed dire flail closely misses you.
Casting: Bolt of Magma
Confirm with . or Enter, or press ? or * to list all spells.
Aiming: Bolt of Magma
Press: ? - help, Shift-Dir - straight line, f/p - runed dire flail
Aim: a runed dire flail (heavily damaged)
You feel a surge of power!
The bolt of magma hits the runed dire flail.
The runed dire flail partially resists.
The runed dire flail falls from the air.
Your battlesphere fires!
The stone giant throws a large rock.
The large rock hits you!!!
You die...

########....................
.u.J...#......#############.
.......#.)....# #.
#.C.#.[....######## #.
#..(......#......# #.
#.%#(.....#......# #.
#..#......#......# #.
#..#..)*..#......# #.
...#...@..#......# #.
C...#......'......# #.
.....#......#......# #.
#############......#############.
.................................
.................................
#################################


You could see a stone giant.

Vanquished Creatures
  A golden dragon (Depths:2)
  A tentacled monstrosity (Depths:2)
  A kraken (Shoals:5)
  A sphinx (Depths:1)
  A storm dragon (Depths:2)
  A tengu reaver (Depths:1)
  2 fire giants (Depths:1)
  A frost giant (Depths:2)
  7 greater nagas
  2 deep elf sorcerers (Elf:1)
  Wiglaf (Snake:4)
  8 vault wardens
  An emperor scorpion (D:15)
  A spriggan defender (Depths:2)
  5 stone giants
  A deep elf demonologist (Vaults:2)
  2 very ugly things (Depths:1)
  3 dire elephants
  A deep elf annihilator (Elf:1)
  3 merfolk javelineers (Shoals:5)
  9 vault guards
  7 ettins
  Josephine (D:9)
  7 ironheart preservers
  3 merfolk impalers
  2 minotaurs
  A jiangshi (Vaults:2)
  8 fire dragons
  6 ice dragons
  5 rakshasas
  5 yaktaur captains
  5 hydras
  A great orb of eyes (Depths:2)
  2 ogre magi
  22 anacondas
  15 naga warriors
  Nessos (D:13)
  8 centaur warriors
  Erica (Lair:8)
  A death knight (Vaults:3)
  5 sirens
  2 spriggan air magi (Depths:2)
  2 satyrs
  4 merfolk aquamancers
  A dancing weapon (Vaults:3)
  A tengu warrior (D:13)
  15 death yaks
  2 vampire magi
  8 deep troll earth magi
  5 deep troll shamans
  5 orc high priests (Orc:4)
  15 naga sharpshooters (Snake:5)
  Urug (D:12)
  A spriggan berserker (Depths:2)
  A shadow wraith (Vaults:3)
  Nergalle (Orc:4)
  7 deep elf knights (Elf:1)
  10 shock serpents
  27 skeletal warriors
  A fire crab (Vaults:2)
  2 ice devils
  A hell knight (Depths:2)
  A flayed ghost (Vaults:3)
  8 salamander mystics
  9 sea snakes
  A hell beast (Depths:1)
  An unseen horror (D:14)
  17 orc knights
  4 deep elf summoners
  4 lindwurms (Snake:5)
  9 hill giants
  6 naga ritualists
  24 deep trolls
  21 harpies
  4 ironbrand convokers
  9 mana vipers
  A necromancer (Vaults:2)
  12 cyclopes
  6 deep elf conjurers
  A red wasp (shapeshifter) (Depths:2)
  3 orc sorcerers (Vaults:2)
  2 red wasps
  9 salamanders
  4 wolf spiders
  13 griffons
  8 manticores
  5 water nymphs
  15 fauns
  3 oklob plants
  4 elephants (Lair:7)
  11 mermaids
  34 ugly things
  9 guardian serpents
  11 vault sentinels
  31 black mambas
  2 torpor snails
  A guardian serpent (shapeshifter) (Depths:1)
  55 yaktaurs
  An iron devil (D:15)
  Psyche (D:12)
  18 spiny frogs
  5 komodo dragons
  24 naga magi
  An orange demon (Orc:4)
  A queen ant (Lair:8)
  An efreet (D:14)
  2 fire drakes
  2 gargoyles
  3 centaur skeletons
  7 freezing wraiths
  2 tengu conjurers (Depths:2)
  A wandering mushroom (Lair:6)
  A queen bee (shapeshifter) (Vaults:3)
  5 red devils
  7 trolls
  2 polar bears
  4 deep elf priests
  13 merfolk
  5 wind drakes
  A troll (shapeshifter) (Vaults:3)
  A queen bee (Lair:5)
  A boulder beetle (Vaults:2)
  A griffon zombie (D:15)
  A blink frog (shapeshifter) (Depths:1)
  The ghost of kae the Chiller, an average DsIE (D:4)
  2 ravens (D:12)
  4 snapping turtles
  32 slime creatures
  2 air elementals (Depths:2)
  6 two-headed ogres
  24 blink frogs
  A shadow (D:15)
  A raiju (D:14)
  7 basilisks
  A spriggan (Lair:4)
  A human (shapeshifter) (Elf:1)
  70 yaks
  A steam dragon (D:12)
  11 deep elf magi
  5 trapdoor spiders
  6 water elementals
  17 hippogriffs
  7 wyverns
  22 wolves
  A mottled dragon (Vaults:1)
  A hill giant skeleton (D:12)
  8 deep elf fighters
  55 nagas
  13 vampire mosquitoes
  12 soldier ants (Lair:8)
  2 deep troll zombies (Vaults:2)
  4 slaves
  16 porcupines
  3 wargs
  56 orc warriors
  3 ogre skeletons
  A human skeleton (D:13)
  41 water moccasins
  3 sky beasts
  3 spiders (Lair:8)
  4 yellow wasps
  17 ogres
  3 black bears
  A necrophage (D:11)
  4 ice beasts
  9 boggarts
  A boring beetle (Lair:8)
  13 centaurs
  2 phantoms
  A brain worm (Lair:8)
  A manticore skeleton (D:10)
  7 big kobolds
  26 crocodiles
  A komodo dragon zombie (D:14)
  A yaktaur zombie (D:13)
  5 human zombies (Vaults:2)
  An earth elemental (Lab)
  22 giant frogs
  A gnoll sergeant (D:11)
  2 cyclops zombies
  5 scorpions
  2 troll zombies
  A tengu zombie (D:13)
  A yak zombie (D:10)
  35 killer bees
  An electric eel (Lair:5)
  An elf zombie (Vaults:2)
  A hippogriff skeleton (D:8)
  5 crimson imps
  2 centaur zombies
  3 wights (D:13)
  48 orc priests
  A two-headed ogre zombie (D:9)
  3 goliath beetles (D:6)
  12 hounds
  9 iguanas
  10 jellies
  28 orc wizards
  53 worker ants
  2 orange rats
  A statue (D:6)
  An ogre zombie (D:9)
  16 sheep
  A mottled dragon skeleton (D:12)
  2 hound skeletons
  A hound zombie (D:8)
  2 mummies
  41 adders
  3 gnolls (D:11)
  A sky beast simulacrum (D:10)
  A gnoll zombie (D:7)
  2 orc zombies
  7 giant mites
  65 green rats
  3 shadow imps
  A goliath beetle zombie (D:4)
  A worker ant simulacrum (D:10)
  A worm (D:3)
  An iguana zombie (D:6)
  An iguana skeleton (D:10)
  14 oozes
  201 orcs
  2 ball pythons
  8 giant cockroaches
  A gnoll skeleton (D:4)
  17 hobgoblins
  5 jackals
  21 kobolds
  18 quokkas
  13 bats
  6 giant geckos
  A giant gecko skeleton (D:8)
  6 giant newts
  5 giant spores
  23 goblins
  A kobold skeleton (D:6)
  An orc simulacrum (D:10)
  2 orc skeletons
  11 rats
  A spectral orc (Orc:4)
  25 ballistomycetes
  2 butterflies (D:6)
  7 fungi
  8 plants
  4 tentacles (Shoals:5)
2083 creatures vanquished.

Vanquished Creatures (others)
  A salamander mystic (Snake:5)
  An orc warrior (Vaults:2)
  An orc wizard (Orc:3)
  5 giant spores
  A ballistomycete (D:12)
  A bush (Depths:1)
  11 fungi
  22 plants
  9 tentacle segments (Shoals:5)
52 creatures vanquished.

Grand Total: 2135 creatures vanquished

Notes
Turn   | Place    | Note
--------------------------------------------------------------
     0 | D:1      | vonhedlund, the High Elf Conjurer, began the quest for the Orb.
     0 | D:1      | Reached XP level 1. HP: 11/11 MP: 4/4
   182 | D:1      | Reached XP level 2. HP: 15/17 MP: 4/6
   354 | D:1      | Reached skill level 5 in Conjurations
   585 | D:1      | Reached XP level 3. HP: 19/21 MP: 4/8
   765 | D:2      | Found an iron altar of Okawaru.
  1179 | D:2      | Found a shadowy altar of Dithmenos.
  1542 | D:3      | Learned a level 2 spell: Searing Ray
  1586 | D:3      | Found a sparkling altar of Nemelex Xobeh.
  1975 | D:3      | Reached XP level 4. HP: 27/27 MP: 8/11
  2134 | D:3      | Reached XP level 5. HP: 6/31 MP: 4/14
  2308 | D:4      | Noticed an ogre
  2497 | D:4      | Found a blossoming altar of Fedhas.
  2538 | D:4      | Reached skill level 6 in Conjurations
  2641 | D:4      | Noticed a phantom
  2778 | D:5      | Entered Level 5 of the Dungeon
  2822 | D:5      | Reached skill level 1 in Short Blades
  2877 | D:5      | Noticed a slave
  2913 | D:4      | Killed a slave
  3000 | D:4      | Reached XP level 6. HP: 17/37 MP: 8/17
  3008 | D:4      | Noticed kae's ghost (average DsIE)
  3152 | D:5      | Noticed Pikel
  3152 | D:5      | Noticed a slave
  3242 | D:4      | Killed kae's ghost
  3314 | D:4      | Killed a phantom
  3314 | D:4      | Reached XP level 7. HP: 23/42 MP: 3/20
  3521 | D:4      | Reached skill level 1 in Fighting
  3950 | D:5      | Noticed a slave
  3954 | D:5      | Noticed a slave
  4138 | D:5      | Killed a slave
  4174 | D:5      | Killed a slave
  4186 | D:5      | Killed a slave
  4296 | D:6      | Reached skill level 5 in Spellcasting
  4550 | D:6      | Reached skill level 7 in Conjurations
  4581 | D:6      | Found a staircase to the Ecumenical Temple.
  4623 | Temple   | Entered the Ecumenical Temple
  4722 | Temple   | Became a worshipper of Sif Muna the Loreminder
  5073 | D:6      | Found a radiant altar of Vehumet.
  5154 | D:6      | Reached XP level 8. HP: 48/48 MP: 12/23
  5170 | D:6      | Fell from the grace of Sif Muna
  5170 | D:6      | Became a worshipper of Vehumet
  5504 | D:6      | Reached skill level 5 in Stealth
  5610 | D:6      | Reached skill level 5 in Dodging
  5824 | D:6      | Reached skill level 1 in Bows
  5846 | D:6      | Acquired Vehumet's first power
  5846 | D:6      | Offered knowledge of Flame Tongue by Vehumet.
  6138 | D:7      | Learned a level 1 spell: Flame Tongue
  6143 | D:7      | Learned a level 4 spell: Iskenderun's Mystic Blast
  6291 | D:7      | Reached skill level 8 in Conjurations
  6570 | D:8      | Found a staircase to the Lair.
  6572 | D:8      | Noticed a komodo dragon
  6788 | D:7      | Noticed a hill giant
  6864 | D:7      | Reached XP level 9. HP: 21/54 MP: 16/26
  7502 | D:8      | Reached skill level 1 in Fire Magic
  7639 | D:8      | Offered knowledge of Throw Flame by Vehumet.
  7652 | D:8      | Learned a level 2 spell: Throw Flame
  7816 | D:9      | Reached skill level 9 in Conjurations
  8545 | D:9      | Offered knowledge of Conjure Flame by Vehumet.
  8883 | D:9      | Noticed a three-headed hydra
  8948 | D:10     | Entered Level 10 of the Dungeon
  8948 | D:10     | Noticed Josephine
  8948 | D:10     | Noticed a centaur skeleton
  9373 | D:8      | Reached XP level 10. HP: 60/60 MP: 19/29
  9503 | Lair:1   | Entered Level 1 of the Lair of Beasts
  9843 | Lair:1   | Learned a level 3 spell: Conjure Flame
  9876 | Lair:1   | Reached skill level 1 in Throwing
 10477 | D:10     | Acquired Vehumet's second power
 10723 | Lair:1   | Reached skill level 10 in Conjurations
 10874 | Lair:2   | Found a frozen archway.
 10899 | IceCv    | Entered an ice cave
 11949 | Lair:2   | Offered knowledge of Throw Icicle by Vehumet.
 12025 | Lair:1   | Learned a level 4 spell: Throw Icicle
 12062 | Lair:1   | Was forgiven by Sif Muna
 12164 | Lair:2   | Reached skill level 10 in Spellcasting
 12288 | Lair:1   | Reached skill level 1 in Ice Magic
 12288 | Lair:1   | Reached XP level 11. HP: 31/66 MP: 14/31
 12527 | Lair:2   | Reached skill level 5 in Fire Magic
 12846 | Lair:1   | Acquired Vehumet's third power
 13053 | Lair:2   | Noticed a seven-headed hydra
 13072 | Lair:2   | Identified 2 scrolls of acquirement
 13099 | Lair:2   | Got a dazzling cloak
 13105 | Lair:2   | Identified the +0 cloak of the Wasteland {Dex+4 Int+3} (You acquired it on level 2 of the Lair of Beasts)
 13170 | Lair:2   | Offered knowledge of Ignite Poison by Vehumet.
 13321 | Lair:2   | Reached skill level 11 in Spellcasting
 13991 | Lair:3   | Found a staircase to the Snake Pit.
 14595 | Lair:4   | Noticed a six-headed hydra
 15253 | Lair:4   | Reached skill level 5 in Ice Magic
 15461 | Lair:4   | Reached XP level 12. HP: 72/72 MP: 18/33
 16093 | D:9      | Killed Josephine
 16197 | D:10     | Offered knowledge of Olgreb's Toxic Radiance by Vehumet.
 16310 | D:10     | Found a portal to a secret trove of treasure.
 16322 | D:10     | Killed a centaur skeleton
 16362 | D:10     | Noticed an eight-headed hydra
 17009 | D:9      | Learned a level 5 spell: Iskenderun's Battlesphere
 17138 | D:10     | Killed an eight-headed hydra
 17171 | D:11     | Reached skill level 10 in Dodging
 17727 | D:11     | Found a staircase to the Orcish Mines.
 17829 | D:11     | Reached skill level 1 in Evocations
 17868 | D:11     | Found a roughly hewn altar of Beogh.
 18155 | Orc:1    | Entered Level 1 of the Orcish Mines
 18204 | Orc:2    | Reached skill level 10 in Stealth
 18622 | Orc:1    | Offered knowledge of Bolt of Cold by Vehumet.
 18652 | Orc:1    | Learned a level 6 spell: Bolt of Cold
 19366 | D:12     | Noticed Rgib's ghost (powerful DsIE)
 19436 | D:12     | Noticed Urug
 19451 | D:12     | Killed Urug
 19668 | D:12     | Reached skill level 12 in Spellcasting
 19729 | D:12     | Noticed Psyche
 19734 | D:12     | Killed Psyche
 20049 | D:12     | Reached XP level 13. HP: 76/76 MP: 22/35
 21342 | D:13     | Noticed Nessos
 22598 | D:9      | Offered knowledge of Fireball by Vehumet.
 22606 | D:9      | Learned a level 5 spell: Fireball
 22704 | D:8      | Killed a komodo dragon
 22960 | Lair:4   | Killed a six-headed hydra
 23669 | Lair:5   | Reached skill level 13 in Spellcasting
 23732 | Lair:5   | Reached skill level 1 in Shields
 24286 | Lair:6   | Found a labyrinth entrance.
 24298 | Lab      | Entered a labyrinth
 24872 | Lab      | Found an exit through the horrors of the Abyss.
 25109 | Lab      | Identified a +5 rod of striking (12/12) (You found it in a labyrinth)
 25176 | Lair:6   | Offered knowledge of Bolt of Magma by Vehumet.
 25183 | Lair:6   | Learned a level 5 spell: Bolt of Magma
 26426 | Lair:7   | Reached XP level 14. HP: 81/81 MP: 24/36
 27285 | Lair:8   | Entered Level 8 of the Lair of Beasts
 27500 | Lair:8   | Found a viscous altar of Jiyva.
 27501 | Lair:8   | Found a staircase to the Slime Pits.
 27618 | Lair:8   | Noticed Erica
 27713 | Lair:8   | Killed Erica
 27713 | Lair:8   | Reached skill level 1 in Charms
 27720 | Lair:8   | Offered knowledge of Delayed Fireball by Vehumet.
 28521 | Lair:8   | Learned a level 7 spell: Delayed Fireball
 28840 | Lair:8   | Reached skill level 14 in Spellcasting
 29023 | Lair:8   | Reached skill level 10 in Fire Magic
 29595 | Lair:8   | Offered knowledge of Orb of Destruction by Vehumet.
 30275 | Snake:1  | Entered Level 1 of the Snake Pit
 30305 | Lair:2   | Killed a seven-headed hydra
 30926 | Lair:6   | Reached XP level 15. HP: 75/86 MP: 1/38
 31024 | Lair:5   | Reached skill level 1 in Earth Magic
 31822 | Lair:5   | Found a staircase to the Shoals.
 31852 | Shoals:1 | Entered Level 1 of the Shoals
 31881 | Shoals:1 | Offered knowledge of Freezing Cloud by Vehumet.
 32015 | Lair:5   | Learned a level 2 spell: Repel Missiles
 33299 | Shoals:2 | Reached skill level 10 in Ice Magic
 33336 | Shoals:2 | Reached skill level 15 in Spellcasting
 33584 | Shoals:2 | Reached skill level 5 in Evocations
 35003 | Shoals:4 | Offered knowledge of Lehudib's Crystal Spear by Vehumet.
 35003 | Shoals:4 | Offered knowledge of Glaciate by Vehumet.
 35003 | Shoals:4 | Offered knowledge of Chain Lightning by Vehumet.
 35092 | Shoals:5 | Entered Level 5 of the Shoals
 35162 | Shoals:5 | Noticed Ilsuiw
 35351 | Shoals:5 | Reached XP level 16. HP: 88/91 MP: 31/39
 36705 | Shoals:5 | Noticed a kraken
 36759 | Shoals:5 | Reached skill level 16 in Spellcasting
 36824 | Shoals:5 | Killed a kraken
 36833 | Shoals:5 | Got a barnacled rune of Zot
 37779 | D:13     | Killed Nessos
 37825 | D:13     | Identified the Handbook of Arcane Weapons (You found it on level 13 of the Dungeon)
 38323 | D:14     | Found Niehuiho's Gadget Shop.
 38896 | D:14     | Found a gate to the Vaults.
 39341 | D:15     | Entered Level 15 of the Dungeon
 39392 | D:15     | Found a flickering gateway to a bazaar.
 39427 | Bazaar   | Entered a bazaar
 39431 | Bazaar   | Found Coehyet's Jewellery Boutique.
 39450 | Bazaar   | Found Boihad's Antique Armour Shoppe.
 39467 | Bazaar   | Found Usuoph's Book Boutique.
 39484 | Bazaar   | Found Stinumuyth's Weapon Emporium.
 39521 | Bazaar   | Bought a pair of runed boots for 117 gold pieces
 39548 | Bazaar   | Bought a book of Wizardry for 330 gold pieces
 40353 | D:15     | Found a staircase to the Depths.
 41606 | D:9      | Killed a three-headed hydra
 41878 | Orc:3    | Reached XP level 17. HP: 97/97 MP: 11/40
 41937 | Orc:3    | Found a staircase to the Elven Halls.
 42338 | Orc:4    | Entered Level 4 of the Orcish Mines
 42338 | Orc:4    | Noticed Nergalle
 42511 | Orc:4    | Found an iron altar of Okawaru.
 42750 | Orc:4    | Found Esaa's Armour Shoppe.
 42766 | Orc:4    | Killed Nergalle
 43892 | Orc:4    | Found Gaxiw's Assorted Antiques.
 43892 | Orc:4    | Found Ghothiff's Armour Emporium.
 43892 | Orc:4    | Found Wiva's Armour Emporium.
 43893 | Orc:4    | Found Ytefel's Book Shoppe.
 43904 | Orc:4    | Bought a jade ring for 155 gold pieces
 43915 | Orc:4    | Bought a +0 buckler of resistance for 346 gold pieces
 44013 | Elf:1    | Entered Level 1 of the Elven Halls
 44034 | Elf:1    | Found a radiant altar of Vehumet.
 44913 | Elf:1    | Reached skill level 17 in Spellcasting
 45524 | Snake:1  | Found Robatuys' Food Emporium.
 46261 | Snake:1  | Bought a meat ration for 55 gold pieces
 46261 | Snake:1  | Bought a meat ration for 55 gold pieces
 46339 | Snake:2  | Got a bone scimitar
 46509 | Snake:2  | Identified the +6 scimitar of Wuocw {drain, Dex+3} (You found it on level 2 of the Snake Pit)
 47926 | Snake:4  | Noticed Wiglaf
 47933 | Snake:4  | Killed Wiglaf
 47983 | Snake:4  | Reached skill level 5 in Charms
 47987 | Snake:4  | Reached XP level 18. HP: 102/102 MP: 20/41
 48293 | Snake:4  | Reached skill level 5 in Earth Magic
 48786 | Snake:5  | Entered Level 5 of the Snake Pit
 48846 | Snake:5  | Found Thriss' Antique Armour Shoppe.
 48872 | Snake:5  | Bought a shimmering robe for 193 gold pieces
 48872 | Snake:5  | Bought a pair of glowing gloves for 153 gold pieces
 48899 | Snake:5  | Identified the cursed -5 robe of Kiukaan {Dex+2 Int+4} (You bought it in a shop on level 5 of the Snake Pit)
 49023 | Snake:5  | Found Pleip's Assorted Antiques.
 49191 | Snake:5  | Reached skill level 18 in Spellcasting
 49411 | Snake:5  | Got a steaming cloak
 49430 | Snake:5  | Identified the +1 cloak of Lugonu's Hope {rC++ Int+1} (You found it on level 5 of the Snake Pit)
 49917 | Snake:5  | Found Psaatt's Jewellery Shoppe.
 51093 | Snake:5  | Reached skill level 19 in Spellcasting
 51635 | Snake:5  | Got a serpentine rune of Zot
 51752 | Snake:5  | Reached XP level 19. HP: 107/107 MP: 29/43
 51822 | Snake:5  | Bought an encrusted bronze ring for 165 gold pieces
 52529 | Vaults:1 | Entered Level 1 of the Vaults
 52899 | Depths:1 | Entered Level 1 of the Depths
 53032 | Depths:1 | Found Fetagaha's Armour Boutique.
 53952 | Depths:1 | Learned a level 5 spell: Force Lance
 54193 | Depths:1 | Found a gateway to Hell.
 55032 | Depths:2 | Reached skill level 20 in Spellcasting
 55619 | Depths:2 | Reached XP level 20. HP: 109/112 MP: 19/44
 55706 | Depths:2 | Noticed a golden dragon
 55854 | Depths:2 | Killed a golden dragon
 55854 | Depths:2 | Reached skill level 15 in Dodging
 56057 | Depths:2 | Noticed a golden dragon
 58126 | Vaults:1 | Reached skill level 10 in Earth Magic
 59395 | Vaults:2 | Reached skill level 15 in Fire Magic
 60723 | Vaults:2 | Found a staircase to the Crypt.
 60777 | Vaults:2 | Reached XP level 21. HP: 112/117 MP: 28/45
 61133 | Vaults:2 | Reached skill level 15 in Conjurations
 61262 | Vaults:3 | Paralysed by a red wasp for 4 turns
 61745 | Vaults:3 | Found a staircase to the Crypt.
 62113 | Vaults:3 | Hit by a large rock thrown by a stone giant

Action                   |  1- 3 |  4- 6 |  7- 9 | 10-12 | 13-15 | 16-18 | 19-21 || total
-------------------------+-------+-------+-------+-------+-------+-------+-------++-------
Melee: Unarmed           |     9 |       |       |       |       |       |       ||     9
       Short sword       |    24 |       |       |       |       |       |       ||    24
       Dagger            |    51 |    23 |   141 |   111 |     1 |       |       ||   327
       Staff             |       |       |       |   188 |   368 |   162 |   146 ||   864
       Trident           |       |       |       |    37 |       |       |       ||    37
       Long sword        |       |       |       |       |       |       |    18 ||    18
 Fire: Shortbow          |       |       |    45 |       |       |       |       ||    45
       Blowgun           |       |       |     7 |     1 |     2 |       |     5 ||    15
Throw: Throwing net      |       |       |     2 |       |       |       |       ||     2
 Cast: Magic Dart        |    63 |    45 |   210 |    97 |    20 |     3 |     9 ||   447
       Searing Ray       |       |    14 |    39 |    86 |    56 |     9 |     1 ||   205
       Iskenderun's Myst |       |       |     2 |     1 |    32 |    56 |    70 ||   161
       Flame Tongue      |       |       |    52 |   204 |   574 |   259 |    17 ||  1106
       Throw Flame       |       |       |    37 |   271 |   249 |   285 |    16 ||   858
       Conjure Flame     |       |       |       |    22 |     6 |       |       ||    28
       Throw Icicle      |       |       |       |   127 |   210 |    14 |     8 ||   359
       Iskenderun's Batt |       |       |       |    21 |    74 |   200 |    80 ||   375
       Bolt of Magma     |       |       |       |       |   121 |   337 |   340 ||   798
       Bolt of Cold      |       |       |       |       |    16 |    36 |    22 ||    74
       Fireball          |       |       |       |       |    79 |   128 |   167 ||   374
       Repel Missiles    |       |       |       |       |     2 |     3 |     2 ||     7
       Delayed Fireball  |       |       |       |       |       |     2 |     3 ||     5
       Force Lance       |       |       |       |       |       |       |    35 ||    35
 Abil: Evoke Flight      |       |       |       |       |       |     5 |       ||     5
       Release Delayed F |       |       |       |       |       |     2 |     2 ||     4
Evoke: Wand              |       |       |     3 |     5 |    13 |     8 |     6 ||    35
       Staff of energy   |       |       |       |    26 |   285 |   414 |   296 ||  1021
       tome              |       |       |       |       |     1 |       |       ||     1
  Use: Potion            |       |     1 |     1 |     4 |     5 |     7 |     9 ||    27
       Scroll            |       |       |     9 |    13 |    12 |    12 |     6 ||    52
 Stab: Sleeping          |       |     1 |    15 |     7 |     3 |     6 |     1 ||    33
       Distracted        |       |       |     1 |       |       |     1 |     1 ||     3
       Paralysed         |       |       |       |     1 |       |       |       ||     1
  Eat: Chunk             |     2 |     1 |    12 |    31 |    30 |    30 |    30 ||   136
       Meat ration       |     1 |       |     1 |       |       |       |     1 ||     3
       Beef jerky        |       |       |     1 |       |     1 |     1 |     1 ||     4
       Fruit             |       |       |     1 |       |    19 |       |     2 ||    22
       Pizza             |       |       |       |     4 |     3 |       |     2 ||     9
       Royal jelly       |       |       |       |       |     2 |     2 |     2 ||     6
       Bread ration      |       |       |       |       |     1 |     8 |       ||     9
